 Dungeon Crawl Stone Soup version 0.31-a0-640-g39d97e502b (webtiles) character file.

Game seed: 17130308192338868570

2705 gelatine the Firebug (level 9, 0/66 HPs)
             Began as a Demonspawn Fire Elementalist on Aug 28, 2023.
             Slain by a fire bat (3 damage)
             ... on level 2 of the Abyss.
             The game lasted 00:21:29 (8281 turns).

gelatine the Firebug (Demonspawn Fire Elementalist) Turns: 8281, Time: 00:21:30

Health: 0/66       AC:  8    Str:  8    XL:     9   Next: 39%
Magic:  17/17      EV: 13    Int: 27    God:
Gold:   408        SH:  0    Dex: 14    Spells: 5/18 levels left

rFire   + . .        r - +4 falchion (venom)
rCold   x . .        (no shield)
rNeg    . . .        a - +0 robe
rPois   .            (helmet restricted)
rElec   .            F - +2 cloak
rCorr   .            (no gloves)
SInv    .            (no boots)
Will    .....        (no amulet)
Stlth   ++           f - ring of fire
HPRegen 0.31/turn    n - +6 ring of intelligence
MPRegen 0.15/turn

%: no passive effects
@: about to teleport
A: antennae 1, yellow scales 2, powered by death 1, spiny 2
a: no special abilities


You were on level 2 of the Abyss.
You visited 1 branch of the dungeon, and saw 7 of its levels.
You visited the Abyss 1 time.

You collected 408 gold pieces.

Inventory:

Hand Weapons
 j - a +2 short sword of protection
 r - a +4 falchion of venom (weapon)
 u - a +1 dagger of draining
 G - a +2 quarterstaff of chaos
 H - a +1 dagger of flaming
Missiles
 m - 5 curare-tipped darts
 x - a throwing net
 D - 9 boomerangs
Armour
 a - a +0 robe (worn)
 y - a +0 buckler
 F - a +2 cloak (worn)
Jewellery
 f - a ring of fire (left hand)
 n - a +6 ring of intelligence (right hand)
 A - a ring of positive energy
Talismans
 g - a beast talisman
 s - a maw talisman
Wands
 B - a wand of charming (10)
 C - a wand of polymorph (8)
 I - a wand of acid (11)
Scrolls
 i - 2 scrolls of revelation {unknown}
 k - 2 scrolls of teleportation
 l - 3 scrolls of vulnerability {unknown}
 q - a scroll of brand weapon {unknown}
 z - a scroll of amnesia {unknown}
 J - 2 scrolls of noise {unknown}
 K - a scroll of enchant weapon
Potions
 b - a potion of magic
 d - a potion of heal wounds
 h - 4 potions of curing
 o - 2 potions of mutation
 p - a potion of might
 t - a potion of lignification
 v - a potion of enlightenment
 w - a potion of brilliance
 E - a potion of attraction


   Skills:
 * Level 4.6 Fighting
 + Level 0.1(1.1) Short Blades
 + Level 1.9(2.0) Long Blades
 * Level 4.6 Dodging
 + Level 3.0 Stealth
 + Level 5.4 Spellcasting
 + Level 3.8 Conjurations
 + Level 1.1 Translocations
 * Level 7.2 Fire Magic
 * Level 1.7 Evocations


You had 5 spell levels left.
You knew the following spells:

 Your Spells              Type           Power      Damage    Failure   Level
a - Foxfire               Conj/Fire      100%       2x1d9     1%          1
b - Scorch                Fire           100%       2d9       1%          2
c - Volatile Blastmotes   Fire/Tloc      88%        2d17      3%          3
d - Inner Flame           Hex/Fire       40%        N/A       4%          3
e - Flame Wave            Conj/Fire      54%        2d13      7%          4

Your spell library contained the following spells:

 Spells                   Type           Power      Damage    Failure   Level
 Sandblast                Erth           14%        2d6       7%          1
 Stone Arrow              Conj/Erth      34%        3d9       10%         3
 Ensorcelled Hibernation  Hex/Ice        14%        N/A       11%         2
 Passwall                 Tmut/Erth      5%         N/A       11%         2
 Wereblood                Tmut           7%         N/A       11%         2
 Fireball                 Conj/Fire      27%        3d12      21%         5
 Anguish                  Hex/Necr       3%         N/A       56%         4
 Animate Armour           Summ/Erth      14%        N/A       56%         4
 Cause Fear               Hex            3%         N/A       56%         4
 Irradiate                Conj/Tmut      8%         3d14      65%         5
 Lehudib's Crystal Spear  Conj/Erth      8%         10d4      100%        8
 Dragon's Call            Summ           3%         N/A       100%        9


Dungeon Overview and Level Annotations

Branches:
Dungeon (7/15)
 Temple: D:4-7

Altars:
Kikubaaqudgha
Nemelex Xobeh
Xom


Innate Abilities, Weirdness & Mutations

You have a pair of small antennae on your head.
You are mostly covered in yellow scales. (AC +3)
You regenerate a little health from kills.
You are mostly covered in sharp spines.


Message History

The smoke demon hits you but does no damage.
The smoke demon completely misses you. The smoke demon closely misses you.
A deafening chorus of shrieks assaults your mind!
The smoke demon roars!
You hear a roar! x2
The smoke demon gestures at you. Something smites you!
A fire bat comes into view.
There is a gateway leading deeper into the Abyss here.
The starcursed mass misses you.
A fire bat comes into view.
The smoke demon gestures at you. Something smites you!
* * * LOW HITPOINT WARNING * * *
The fire bat moves out of view.
The smoke demon gestures at you. Something smites you!
* * * LOW HITPOINT WARNING * * *
The merfolk shouts!
A starcursed mass splits. x2
The smoke demon gestures at you. The ball of steam misses you.
You feel much better.
A deafening chorus of shrieks assaults your mind!
Aiming: Charm
Press: ? - help, Q - select action, (/) - cycle Shift-Dir - straight line, f - merfolk
Aim: a merfolk (chance to affect: 36%)
The merfolk easily resists.
A starcursed mass splits.
The starcursed mass barely misses you.
Unknown command.
As you read the scroll labelled AGOYGUY ISHISCHEFF, it crumbles to dust.
You feel strangely unstable.
You feel the power of the Abyss delaying your translocation!
It was a scroll of teleportation.
The starcursed mass touches you.
* * * LOW HITPOINT WARNING * * *
A starcursed mass splits.
The smoke demon gestures at you. Something smites you!
* * * LOW HITPOINT WARNING * * *
The fire bat is struck by your spines. The fire bat bites you.
You die... # §..## .# ..... . #3 Xx..

.. ####. x#.#.
##...m X3X.
#..#.§#XX#
#......X.#X##.
#X§XX3....
#...#@##.#...
#..###b## .
#.. #... #..#
#.. #.b ...


You could see 10 starcursed masses, a merfolk, 3 smoke demons, 2 small
abominations and 2 fire bats.

Vanquished Creatures
  Pikel (D:5)
  An unseen horror (D:7)
  2 wyverns
  2 water moccasins (D:5)
  A sky beast (D:7)
  A centaur (D:7)
  2 lemures
  A kobold brigand (D:6)
  A bullfrog (D:6)
  A scorpion (D:5)
  7 killer bees
  3 hounds
  A jelly (D:4)
  An orc priest (D:4)
  A gnoll bouda (D:7)
  A sleepcap (D:5)
  An iguana (D:6)
  3 orc wizards
  8 gnolls
  16 adders
  3 shadow imps
  4 white imps
  2 ufetubi (D:4)
  3 worms
  4 dart slugs
  11 orcs
  11 bats
  12 endoplasms
  4 giant cockroaches
  7 goblins
  4 hobgoblins
  6 jackals
  7 quokkas
  4 ball pythons (D:1)
  4 frilled lizards
  16 kobolds
  5 rats
162 creatures vanquished.

Vanquished Creatures (collateral kills)
  2 orc priests (D:4)
  A shadow imp (D:4)
  16 foxfires
19 creatures vanquished.

Vanquished Creatures (others)
  A scorpion (D:4)
  Crazy Yiuf (D:5)
  An iguana (D:4)
  488 foxfires
491 creatures vanquished.

Grand Total: 672 creatures vanquished

Notes
Turn   | Place    | Note
-------+----------+-------------------------------------------
     0 | D:1      | gelatine the Demonspawn Fire Elementalist began the quest
                  | for the Orb.
     0 | D:1      | Reached XP level 1. HP: 13/13 MP: 3/3
   160 | D:1      | Reached skill level 3 in Fire Magic
   237 | D:1      | Gained mutation: You are partially covered in sharp spines.
                  | [demonic ancestry]
   237 | D:1      | Reached XP level 2. HP: 19/19 MP: 1/5
   848 | D:1      | Gained mutation: You regenerate a little health from kills.
                  | [demonic ancestry]
   848 | D:1      | Reached XP level 3. HP: 24/24 MP: 2/6
  1164 | D:1      | Found a faded altar of an unknown god.
  1787 | D:2      | Learned a level 2 spell: Scorch
  2046 | D:2      | Gained mutation: You are partially covered in yellow
                  | scales. (AC +2) [demonic ancestry]
  2046 | D:2      | Reached XP level 4. HP: 27/30 MP: 3/7
  3192 | D:3      | You fall into a shaft and drop 1 floor!
  3292 | D:3      | Gained mutation: You are mostly covered in yellow scales.
                  | (AC +3) [demonic ancestry]
  3292 | D:3      | Reached XP level 5. HP: 31/35 MP: 7/9
  4067 | D:4      | Found a shimmering altar of Xom.
  4107 | D:4      | Reached skill level 4 in Fire Magic
  4292 | D:4      | Found a transporter.
  4309 | D:4      | Reached XP level 6. HP: 37/40 MP: 10/10
  4735 | D:4      | Reached skill level 1 in Fighting
  4858 | D:4      | Found a sparkling altar of Nemelex Xobeh.
  5011 | D:4      | Found a transporter.
  5061 | D:4      | Reached skill level 1 in Long Blades
  5276 | D:5      | Entered Level 5 of the Dungeon
  5387 | D:5      | Noticed a wyvern
  5389 | D:5      | Reached skill level 5 in Fire Magic
  5389 | D:5      | Gained mutation: You are mostly covered in sharp spines.
                  | [demonic ancestry]
  5389 | D:5      | Reached XP level 7. HP: 34/48 MP: 12/12
  5479 | D:4      | Learned a level 3 spell: Volatile Blastmotes
  5483 | D:4      | Learned a level 3 spell: Inner Flame
  5488 | D:4      | Learned a level 4 spell: Flame Wave
  5493 | D:4      | HP: 1/50 [wyvern (10)]
  5495 | D:4      | Killed a wyvern
  5880 | D:5      | Reached XP level 8. HP: 57/57 MP: 10/14
  6104 | D:5      | Found a runed translucent door.
  6104 | D:5      | Noticed Pikel
  6104 | D:5      | Noticed Crazy Yiuf
  6435 | D:5      | Found an ancient bone altar of Kikubaaqudgha.
  6660 | D:5      | Your ally Crazy Yiuf died
  6903 | D:5      | Killed Pikel
  6904 | D:5      | Reached skill level 5 in Spellcasting
  6904 | D:5      | Reached skill level 6 in Fire Magic
  7031 | D:5      | You fall into a shaft and drop 1 floor!
  7173 | D:6      | Gained mutation: You have a pair of small antennae on your
                  | head. [demonic ancestry]
  7173 | D:6      | Reached XP level 9. HP: 65/65 MP: 8/16
  7871 | D:7      | Reached skill level 1 in Evocations
  7952 | D:7      | Reached skill level 7 in Fire Magic
  8158 | D:7      | Noticed a wizard
  8159 | D:7      | Killed an unseen horror
  8160 | D:7      | Reached skill level 1 in Translocations
  8160 | D:7      | Noticed a troll
  8160 | Abyss:2  | Cast into level 2 of the Abyss (a wizard)
  8259 | Abyss:2  | Noticed a will-o-the-wisp
  8264 | Abyss:2  | Noticed a starcursed mass
  8265 | Abyss:2  | Noticed a thrashing horror
  8266 | Abyss:2  | Noticed a smoke demon
  8266 | Abyss:2  | Noticed a thrashing horror
  8267 | Abyss:2  | Noticed a smoke demon
  8270 | Abyss:2  | Noticed a smoke demon
  8277 | Abyss:2  | a glowing shapeshifter changed into a merfolk
  8277 | Abyss:2  | Noticed a merfolk (glowing shapeshifter)
  8281 | Abyss:2  | HP: 3/66 [smoke demon/divine providence (15)]
  8281 | Abyss:2  | Slain by a fire bat

Illustrated notes

Levels and vault maps discovered:
D:1:      dpeg_arrival_subterranean_lakeside_camping, layout_rooms,
          shapermc_ecumenical_altar_hornbeckon
D:2:      layout_basic
D:3:      layout_basic, nicolae_half_adder
D:4:      gammafunk_wand_slinger, layout_loops_ring, nemelex_spade_bored_becter,
          xom_confusion_cloud, serial_demonic, serial_demonic_d,
          serial_demonic_b, serial_demonic_c, serial_demonic_e
D:5:      layout_loops_ring, kennysheep_mini, nrook_mini_vaults,
          kennysheep_generic_room_8, uniq_crazy_yiuf_cottage, uniq_pikel
D:6:      layout_loops_cross
D:7:      nzn_winding_woodlands_small [nzn_winding_woodlands_5x15_parted,
          nzn_winding_woodlands_center_pierced_h,
          nzn_winding_woodlands_5x15_longhouse], layout_cave_pools,
          mainiacjoe_overflow_paths, minmay_temple_entry_nine_rooms,
          minmay_joined_circles
Abyss:2:  base: Temple, evilmike_abyss_exit_mutagenic, bh_silent_lugonu_exit,
          lemuel_firewalk_3

Skill      XL: |  1  2  3  4  5  6  7  8  9 |
---------------+----------------------------+-----
Fire Magic     | 3 4 5 6 7 |  7.2
Dodging        | 2 3 4 |  4.6
Stealth        | 2 3 |  3.0
Conjurations   | 2 3 |  3.8
Fighting       | 1 2 4 |  4.6
Spellcasting   | 3 4 5 |  5.4
Long Blades    | 1 |  1.9
Evocations     | 1 |  1.7
Translocations | 1 |  1.1
Short Blades   | |  0.1

Action                     |  1- 3 |  4- 6 |  7- 9 || total
---------------------------+-------+-------+-------++-------
  Melee: Dagger            |    23 |       |       ||    23
         Unarmed           |     1 |       |       ||     1
         Short sword       |     6 |     5 |       ||    11
         Falchion          |       |    26 |    33 ||    59
   Cast: Foxfire           |    95 |   138 |    79 ||   312
         Scorch            |       |     6 |     6 ||    12
         Volatile Blastmot |       |       |    13 ||    13
         Flame Wave        |       |       |     2 ||     2
  Evoke: Wand              |       |     1 |     6 ||     7
    Use: Scroll            |       |     5 |     6 ||    11
         Potion            |       |       |     4 ||     4
   Stab: Sleeping          |       |       |     2 ||     2
 Armour: Robe              |    20 |    14 |    20 ||    54
  Dodge: Dodged            |    29 |    21 |    41 ||    91

Table legend: (Time is in decaauts)
 A = Elapsed time spent in this place.
 B = Non-inter-level travel time spent in this place.
 C = Inter-level travel time spent in this place.
 D = Time resting spent in this place.
 E = Time spent auto-exploring this place.
 F = Levels seen in this place.
 G = Mean time per level.
                   A        B        C        D        E       F      G
               +--------+--------+--------+--------+--------+-----+--------+
         Total |   8301 |   8075 |    226 |      0 |   6746 |   8 | 1037.6 |
       Dungeon |   8180 |   7954 |    226 |      0 |   6653 |   7 | 1168.6 |
         Abyss |    120 |    120 |      0 |      0 |     93 |   1 |  120.0 |
               +--------+--------+--------+--------+--------+-----+--------+

Top non-repeatable levels by time:
     D:4: 1597 daAuts
     D:3: 1435 daAuts
     D:5: 1416 daAuts
     D:1: 1384 daAuts
     D:2: 1214 daAuts
     D:6: 782 daAuts
     D:7: 350 daAuts
 Abyss:2: 120 daAuts
